DSL
DSL SAN FRANCISCO GIANTS @ DSL HOUSTON ASTROS
05/16/2042
 
TOP OF THE 1ST
DSL San Francisco Giants batting - Pitching for DSL Houston Astros : LHP Greg Spence
Pitching: LHP Greg Spence
Batting: SHB Teófilo Camizo 0-0: Ball
1-0: Called Strike
1-1: Foul Ball, location: 2F
1-2: Strikes out swinging passed ball, reaches first!
Batting: RHB Dani López 0-0: Sac Bunt to 2R - play at first, batter OUT! 2-3
Teófilo Camizo to second
Batting: RHB Lynwood Howard 0-0: Foul Ball, location: 5DF
0-1: Foul Ball, location: 9LSFF
0-2: Foul Ball, location: 23FF
0-2: Ball
1-2: DOUBLE (Flyball, 89XD, EV 98.8 MPH)
Teófilo Camizo scores
Batting: SHB António Icaza 0-0: Swinging Strike
0-1: Foul Ball, location: 7LMFF
0-2: Foul Ball, location: 2F
0-2: 2-RUN HOME RUN (Flyball, 78XD, EV 98.1 MPH), Distance : 400 ft
Batting: RHB Ernesto Duarte 0-0: Foul Ball, location: 2F
0-1: Fly out, F8 (Flyball, 8RD, EV 86.3 MPH)
Batting: RHB José Carrillo 0-0: Called Strike
0-1: Ball
1-1: Fly out, F7 (Flyball, S2, EV 101.9 MPH)
Top of the 1st over - 3 runs, 2 hits, 0 errors, 0 left on base; DSL San Francisco 3 - DSL Houston 0
BOTTOM OF THE 1ST
DSL Houston Astros batting - Pitching for DSL San Francisco Giants : RHP José Valéncia
Pitching: RHP José Valéncia
Batting: RHB Dave Byers 0-0: Ball
1-0: Ball
2-0: Foul Ball, location: 2F
2-1: Ground out 6-3 (Groundball, 6, EV 91.3 MPH)
Batting: RHB Rob Wilson 0-0: Called Strike
0-1: Ground out 6-3 (Groundball, 6, EV 93.1 MPH)
Batting: RHB Hugh Burns 0-0: Called Strike
0-1: Ball
1-1: Ball
2-1: Ball
3-1: Base on Balls
Batting: LHB Mario Ledesma 0-0: Ball
1-0: Called Strike
1-1: Ball
2-1: Called Strike
2-2: Foul Ball, location: 7LMF
2-2: Ball
3-2: Foul Ball, location: 7LDF
3-2: Base on Balls
Hugh Burns to second
Batting: RHB Gabe Hurt 0-0: Called Strike
0-1: Swinging Strike
0-2: Foul Ball, location: 9LMF
0-2: Ball
1-2: Fly out, F7 (Flyball, 78S, EV 99.4 MPH)
Bottom of the 1st over - 0 runs, 0 hits, 0 errors, 2 left on base; DSL San Francisco 3 - DSL Houston 0
TOP OF THE 2ND
DSL San Francisco Giants batting - Pitching for DSL Houston Astros : LHP Greg Spence
Batting: RHB Benigno Rentería 0-0: Foul Ball, location: 9LSF
0-1: Ball
1-1: Ball
2-1: Fly out, F7 (Flyball, 7LSF, EV 84.4 MPH)
Batting: LHB José Avilés 0-0: Called Strike
0-1: Swinging Strike
0-2: Ball
1-2: Strikes out swinging
Batting: LHB Jorge Soto 0-0: Called Strike
0-1: Ball
1-1: Swinging Strike
1-2: Strikes out swinging
Top of the 2nd over - 0 runs, 0 hits, 0 errors, 0 left on base; DSL San Francisco 3 - DSL Houston 0
BOTTOM OF THE 2ND
DSL Houston Astros batting - Pitching for DSL San Francisco Giants : RHP José Valéncia
Batting: RHB Cliff Hoover 0-0: Ball
1-0: Ball
2-0: Called Strike
2-1: Called Strike
2-2: Ball
3-2: Base on Balls
Batting: RHB Jeff Brown 0-0: Called Strike
0-1: Swinging Strike
0-2: Ball
1-2: Strikes out swinging
Batting: SHB Joe Pratt 0-0: Ball
Cliff Hoover is caught stealing 2nd base 2-6
1-0: Ball
2-0: Ball
3-0: Called Strike
3-1: Foul Ball, location: 3F
3-2: Base on Balls
Batting: RHB Alfredo Pacheco 0-0: SINGLE (Groundball, 6MD, EV 98.8 MPH)
Joe Pratt to second
Batting: RHB Dave Byers 0-0: Ball
1-0: Ball
2-0: Called Strike
2-1: Ball
3-1: Base on Balls
Joe Pratt to third
Alfredo Pacheco to second
Batting: RHB Rob Wilson 0-0: Called Strike
0-1: Called Strike
0-2: Strikes out swinging
Bottom of the 2nd over - 0 runs, 1 hit, 0 errors, 3 left on base; DSL San Francisco 3 - DSL Houston 0
TOP OF THE 3RD
DSL San Francisco Giants batting - Pitching for DSL Houston Astros : LHP Greg Spence
Batting: SHB Teófilo Camizo 0-0: Ball
1-0: Called Strike
1-1: Ball
2-1: Ball
3-1: Called Strike
3-2: Base on Balls
Batting: RHB Dani López 0-0: Foul Ball, location: 3F
0-1: Bunted foul
0-2: Foul Ball, location: 2F
0-2: Ball
1-2: SINGLE (Groundball, 25, EV 61.3 MPH) (infield hit)
Teófilo Camizo to second
Batting: RHB Lynwood Howard 0-0: Ball
1-0: Called Strike
1-1: Ball
2-1: Ball
3-1: Base on Balls
Teófilo Camizo to third
Dani López to second
Batting: SHB António Icaza 0-0: Ball
1-0: Foul Ball, location: 7LSF
1-1: Fly out, F2 (Popup, 13S, EV 89.4 MPH)
Batting: RHB Ernesto Duarte 0-0: Ball
1-0: SINGLE (Groundball, P, EV 78.8 MPH) (infield hit)
Teófilo Camizo scores
Dani López to third
Lynwood Howard to second
Batting: RHB José Carrillo 0-0: GRAND SLAM HOME RUN (Flyball, 9LD, EV 95.0 MPH), Distance : 349 ft
Batting: RHB Benigno Rentería 0-0: Foul Ball, location: 2F
0-1: Foul Ball, location: 5SF
0-2: Strikes out swinging
Batting: LHB José Avilés 0-0: Ball
1-0: Foul Ball, location: 2F
1-1: Ball
2-1: Swinging Strike
2-2: Ball
3-2: Strikes out swinging
Top of the 3rd over - 5 runs, 3 hits, 0 errors, 0 left on base; DSL San Francisco 8 - DSL Houston 0
BOTTOM OF THE 3RD
DSL Houston Astros batting - Pitching for DSL San Francisco Giants : RHP José Valéncia
Batting: RHB Hugh Burns 0-0: Swinging Strike
0-1: Swinging Strike
0-2: Foul Ball, location: 5FF
0-2: Foul Ball, location: 2F
0-2: Foul Ball, location: 3SF
0-2: Strikes out looking
Batting: LHB Mario Ledesma 0-0: Ball
1-0: Foul Ball, location: 2RF
1-1: Ball
2-1: Ball
3-1: Base on Balls
Batting: RHB Gabe Hurt 0-0: Called Strike
0-1: Called Strike
0-2: Ball
1-2: Foul Ball, location: 9LMF
1-2: Ball
2-2: Strikes out swinging
Batting: RHB Cliff Hoover 0-0: Ball
1-0: Ball
2-0: SINGLE (Groundball, 56D, EV 94.4 MPH)
Mario Ledesma to second
Pitching: RHP Tony Martínez
Batting: RHB Jeff Brown 0-0: Called Strike
0-1: Foul Ball, location: 3SF
0-2: Ball
1-2: Foul Ball, location: 7LMFF
1-2: Ball
2-2: Ball
3-2: Base on Balls
Mario Ledesma to third
Cliff Hoover to second
Batting: SHB Joe Pratt 0-0: Ball
1-0: GRAND SLAM HOME RUN (Flyball, 7D, EV 98.8 MPH), Distance : 358 ft
Pinch Hitting: SHB Cris Núñez 0-0: Ball
1-0: Foul Ball, location: 3DF
1-1: Called Strike
1-2: Ball
2-2: Strikes out swinging
Bottom of the 3rd over - 4 runs, 2 hits, 0 errors, 0 left on base; DSL San Francisco 8 - DSL Houston 4
TOP OF THE 4TH
DSL San Francisco Giants batting - Pitching for DSL Houston Astros : LHP Greg Spence
Pitching: RHP Juan Montaño
Now at 2B: Cris Núñez
Batting: LHB Jorge Soto 0-0: Called Strike
0-1: Ball
1-1: Fly out, F8 (Flyball, 78S, EV 90.0 MPH)
Batting: SHB Teófilo Camizo 0-0: Ball
1-0: Foul Ball, location: 7LDF
1-1: Ball
2-1: Foul Ball, location: 3FF
2-2: Fly out, F8 (Flyball, 8RM, EV 93.1 MPH)
Batting: RHB Dani López 0-0: Ball
1-0: Ball
2-0: Ball
3-0: Called Strike
3-1: Swinging Strike
3-2: Fly out, F4 (Popup, 4M, EV 71.9 MPH)
Top of the 4th over - 0 runs, 0 hits, 0 errors, 0 left on base; DSL San Francisco 8 - DSL Houston 4
BOTTOM OF THE 4TH
DSL Houston Astros batting - Pitching for DSL San Francisco Giants : RHP Tony Martínez
Batting: RHB Dave Byers 0-0: Foul Ball, location: 23FF
0-1: TRIPLE (Flyball, 89XD, EV 83.1 MPH)
Batting: RHB Rob Wilson 0-0: Ball
1-0: Called Strike
1-1: Ball
2-1: Foul Ball, location: 5DF
2-2: Strikes out swinging
Batting: RHB Hugh Burns 0-0: Ball
1-0: Foul Ball, location: 7LSFF
1-1: Ball
2-1: Foul Ball, location: 2F
2-2: Strikes out swinging
Batting: LHB Mario Ledesma 0-0: Ball
1-0: Called Strike
1-1: Ball
2-1: Foul Ball, location: 5F
2-2: Ball
3-2: Strikes out looking
Bottom of the 4th over - 0 runs, 1 hit, 0 errors, 1 left on base; DSL San Francisco 8 - DSL Houston 4
TOP OF THE 5TH
DSL San Francisco Giants batting - Pitching for DSL Houston Astros : RHP Juan Montaño
Batting: RHB Lynwood Howard 0-0: Ball
1-0: Foul Ball, location: 9LMF
1-1: Called Strike
1-2: Ball
2-2: Strikes out swinging
Batting: SHB António Icaza 0-0: Ground out 4-3 (Groundball, 4D, EV 103.1 MPH)
Batting: RHB Ernesto Duarte 0-0: Ball
1-0: SINGLE (Line Drive, 3D, EV 110.0 MPH)
Batting: RHB José Carrillo 0-0: DOUBLE (Line Drive, 3D, EV 96.3 MPH)
Ernesto Duarte to third
Runner from 3rd tries for Home, throw by RF and OUT! 9-4-2
Top of the 5th over - 0 runs, 2 hits, 0 errors, 1 left on base; DSL San Francisco 8 - DSL Houston 4
BOTTOM OF THE 5TH
DSL Houston Astros batting - Pitching for DSL San Francisco Giants : RHP Tony Martínez
Batting: RHB Gabe Hurt 0-0: SOLO HOME RUN (Flyball, 89XD, EV 97.5 MPH), Distance : 397 ft
Batting: RHB Cliff Hoover 0-0: Ball
1-0: Ground out 1-3 (Groundball, P, EV 68.8 MPH)
Batting: RHB Jeff Brown 0-0: Foul Ball, location: 5F
0-1: Foul Ball, location: 23F
0-2: Ball
1-2: Ball
2-2: Ground out 3-1 (Groundball, 13, EV 90.0 MPH)
Batting: SHB Joe Pratt 0-0: Called Strike
0-1: Swinging Strike
0-2: Foul Ball, location: 2F
0-2: Ball
1-2: Strikes out swinging
Bottom of the 5th over - 1 run, 1 hit, 0 errors, 0 left on base; DSL San Francisco 8 - DSL Houston 5
TOP OF THE 6TH
DSL San Francisco Giants batting - Pitching for DSL Houston Astros : RHP Juan Montaño
Batting: RHB Benigno Rentería 0-0: Called Strike
0-1: Called Strike
0-2: Ball
1-2: Strikes out looking
Batting: LHB José Avilés 0-0: Called Strike
0-1: Swinging Strike
0-2: Ball
1-2: Strikes out swinging
Batting: LHB Jorge Soto 0-0: Ball
1-0: Ball
2-0: Ball
3-0: Called Strike
3-1: Ground out 1-3 (Groundball, 13S, EV 60.6 MPH)
Top of the 6th over - 0 runs, 0 hits, 0 errors, 0 left on base; DSL San Francisco 8 - DSL Houston 5
BOTTOM OF THE 6TH
DSL Houston Astros batting - Pitching for DSL San Francisco Giants : RHP Tony Martínez
Pitching: RHP Tomás Rodríguez
Batting: SHB Cris Núñez 0-0: Ball
1-0: Ball
2-0: Ball
3-0: Called Strike
3-1: DOUBLE (Line Drive, 89D, EV 97.5 MPH)
Pinch Hitting: SHB Derek Webb 0-0: Called Strike
0-1: Ball
1-1: Fly out, F5 (Popup, 5SF, EV 80.0 MPH)
Pinch Hitting: LHB Jon Burton 0-0: Swinging Strike
0-1: Swinging Strike
0-2: Foul Ball, location: 7LSF
0-2: Strikes out swinging
Batting: RHB Hugh Burns 0-0: Ball
1-0: Called Strike
1-1: Called Strike
1-2: Ball
2-2: Strikes out looking
Bottom of the 6th over - 0 runs, 1 hit, 0 errors, 1 left on base; DSL San Francisco 8 - DSL Houston 5
TOP OF THE 7TH
DSL San Francisco Giants batting - Pitching for DSL Houston Astros : RHP Juan Montaño
Now at 1B: Jon Burton
Now in CF: Jorge Ramos
Batting: SHB Teófilo Camizo 0-0: Ball
1-0: Foul Ball, location: 7LDF
1-1: Swinging Strike
1-2: Ball
2-2: Ball
3-2: Foul Ball, location: 2F
3-2: Base on Balls
Batting: RHB Dani López 0-0: Sac Bunt to 15 - play at second, runner OUT! 1-6
Batting: RHB Lynwood Howard 0-0: Foul Ball, location: 2F
0-1: Foul Ball, location: 2F
0-2: Ball
1-2: Ball
2-2: Foul Ball, location: 7LMF
2-2: Ball
3-2: Foul Ball, location: 3F
3-2: Strikes out swinging
Batting: SHB António Icaza 0-0: Ball
1-0: Ball
2-0: Ball
3-0: Called Strike
3-1: Called Strike
Dani López is caught stealing 2nd base 2-6
Top of the 7th over - 0 runs, 0 hits, 0 errors, 0 left on base; DSL San Francisco 8 - DSL Houston 5
BOTTOM OF THE 7TH
DSL Houston Astros batting - Pitching for DSL San Francisco Giants : RHP Tomás Rodríguez
Batting: LHB Mario Ledesma 0-0: Ball
1-0: Foul Ball, location: 3DF
1-1: Ball
2-1: DOUBLE (Line Drive, 78XD, EV 104.4 MPH)
Pinch Hitting: RHB Jerry White 0-0: Foul Ball, location: 2RF
0-1: Swinging Strike
0-2: Strikes out swinging
Pinch Hitting: LHB Robbie Ashe 0-0: Ground out 4-3 (Groundball, 4, EV 86.3 MPH)
Mario Ledesma to third
Batting: RHB Jeff Brown 0-0: Called Strike
0-1: Swinging Strike
0-2: Foul Ball, location: 3FF
0-2: Ball
1-2: Ball
2-2: Ball
3-2: Base on Balls
Batting: SHB Joe Pratt 0-0: Swinging Strike
0-1: Ball
1-1: Ball
2-1: Foul Ball, location: 2F
2-2: Strikes out swinging
Bottom of the 7th over - 0 runs, 1 hit, 0 errors, 2 left on base; DSL San Francisco 8 - DSL Houston 5
TOP OF THE 8TH
DSL San Francisco Giants batting - Pitching for DSL Houston Astros : RHP Juan Montaño
Now at 3B: Robbie Ashe
Now in RF: Jerry White
Batting: SHB António Icaza 0-0: Fly out, F7 (Line Drive, 7S, EV 75.6 MPH)
Batting: RHB Ernesto Duarte 0-0: Ball
1-0: Ball
2-0: Foul Ball, location: 9LDF
2-1: Called Strike
2-2: Foul Ball, location: 3F
2-2: Ball
3-2: Strikes out swinging
Batting: RHB José Carrillo 0-0: Foul Ball, location: 7LMF
0-1: Swinging Strike
0-2: Strikes out swinging
Top of the 8th over - 0 runs, 0 hits, 0 errors, 0 left on base; DSL San Francisco 8 - DSL Houston 5
BOTTOM OF THE 8TH
DSL Houston Astros batting - Pitching for DSL San Francisco Giants : RHP Tomás Rodríguez
Batting: SHB Cris Núñez 0-0: Ball
1-0: Called Strike
1-1: Ball
2-1: Foul Ball, location: 5SF
2-2: SINGLE (Groundball, P, EV 84.4 MPH) (infield hit)
Batting: LHB Jorge Ramos 0-0: Ball
1-0: Ball
2-0: Ball
3-0: Base on Balls
Cris Núñez to second
Batting: LHB Jon Burton 0-0: Ball
1-0: Ball
2-0: Called Strike
2-1: Foul Ball, location: 2F
2-2: Foul Ball, location: 2F
2-2: Foul Ball, location: 2F
2-2: Ball
3-2: Grounds into double play, 6-4-3 (Groundball, 6, EV 95.0 MPH)
Cris Núñez to third
Batting: LHB Ed Benton 0-0: Ball
1-0: Ball
2-0: Ball
3-0: Base on Balls
Pitching: RHP Iván Flores
Batting: LHB Mario Ledesma 0-0: Ball
1-0: Fielders Choice at 2nd, 5-4 (Groundball, 56, EV 83.8 MPH)
Bottom of the 8th over - 0 runs, 1 hit, 0 errors, 2 left on base; DSL San Francisco 8 - DSL Houston 5
TOP OF THE 9TH
DSL San Francisco Giants batting - Pitching for DSL Houston Astros : RHP Juan Montaño
Pitching: RHP Hélder Hespanhol
Batting: RHB Benigno Rentería 0-0: Ball
1-0: Ball
2-0: Called Strike
2-1: Ball
3-1: Swinging Strike
3-2: Base on Balls
Batting: LHB José Avilés 0-0: Called Strike
0-1: Hit by Pitch
Benigno Rentería to second
Batting: LHB Jorge Soto 0-0: Ball
1-0: Ball
2-0: Ball
3-0: Called Strike
3-1: Base on Balls
Benigno Rentería to third
José Avilés to second
Batting: SHB Teófilo Camizo 0-0: Ball
1-0: Ball
2-0: Called Strike
2-1: Swinging Strike
2-2: Ball
3-2: Strikes out swinging
Batting: RHB Dani López 0-0: Called Strike
0-1: Swinging Strike
0-2: Ball
1-2: Strikes out swinging
Batting: RHB Lynwood Howard 0-0: Foul Ball, location: 5SF
0-1: Ball
1-1: Foul Ball, location: 3FF
1-2: Ball
2-2: Foul Ball, location: 2F
2-2: Ball
Wild Pitch!
Benigno Rentería scores
José Avilés to third
Jorge Soto to second
3-2: DOUBLE (Groundball, 5L, EV 109.4 MPH)
José Avilés scores
Jorge Soto scores
Batting: SHB António Icaza 0-0: Ball
1-0: Ball
2-0: 2-RUN HOME RUN (Flyball, 9LD, EV 93.1 MPH), Distance : 338 ft
Pitching: RHP Chris Nelson
Pinch Hitting: RHB Víctor González 0-0: Ball
1-0: Ball
2-0: Called Strike
2-1: Swinging Strike
2-2: Foul Ball, location: 9LMF
2-2: Foul Ball, location: 7LMF
2-2: Ball
3-2: Base on Balls
Pinch Hitting: RHB Mike Smith 0-0: Hit by Pitch
Víctor González to second
Pinch Hitting: RHB Jonathan Matthams 0-0: Ball
1-0: Ball
2-0: SINGLE (Line Drive, 3L, EV 66.9 MPH)
Víctor González to third
Mike Smith to second
Runner from 3rd tries for Home, SAFE, throw by RF to home
Pinch Hitting: RHB Kurt Johnson 0-0: Fly out, F9 (Flyball, 9, EV 88.1 MPH)
Top of the 9th over - 6 runs, 3 hits, 0 errors, 2 left on base; DSL San Francisco 14 - DSL Houston 5
BOTTOM OF THE 9TH
DSL Houston Astros batting - Pitching for DSL San Francisco Giants : RHP Iván Flores
Now at 1B: Leonardo Sánchez
Now at 2B: Víctor González
Now at 3B: Kurt Johnson
Now at SS: Jonathan Matthams
Pinch Hitting: LHB Iván Sánchez 0-0: Fly out, F9 (Flyball, 9, EV 80.6 MPH)
Pinch Hitting: RHB Joe Donaldson 0-0: Foul Ball, location: 5F
0-1: Called Strike
0-2: Strikes out swinging
Pinch Hitting: LHB Claude Michael 0-0: Called Strike
0-1: Ball
1-1: Foul Ball, location: 9LDF
1-2: Strikes out swinging, 2-3 out at first.
Bottom of the 9th over - 0 runs, 0 hits, 0 errors, 0 left on base; DSL San Francisco 14 - DSL Houston 5
Friday, May 3rd , 2024 - OOTP Baseball 24.10 Build 82